 Dungeon Sprint DCSS version 0.31-a0-460-g9e667d4245 (webtiles) character file.

Game seed: 4471097645447602604

147 rocky1 the Ruffian (level 5, -13/38 HPs)
             Began as an Octopode Shapeshifter on Aug 5, 2023.
             Was an Initiate of Gozag.
             Mangled by a two-headed ogre
             ... wielding a +0 giant club
              (28 damage)
             ... in the Dungeon (Sprint IX: "|||||||||||||||||||||||||||||").
             The game lasted 00:01:32 (624 turns).

rocky1 the Ruffian (Octopode Shapeshifter)           Turns: 624, Time: 00:01:32

Health: -13/38     AC:  3    Str: 14    XL:     5   Next: 29%
Magic:  5/5        EV: 15    Int: 13    God:    Gozag
Gold:   0          SH:  0    Dex: 15    Spells: 4/4 levels left

rFire   . .          .
                       - Unarmed
rCold   . . .        (no shield)
rNeg    . . .        (helmet currently unavailable)
rPois   .            (no amulet)
rElec   .            k - +3 ring of dexterity
rCorr   .            l - +2 ring of protection
SInv    .            (no ring)
Will    .....        (no ring)
Stlth   ++           (no ring)
HPRegen 0.26/turn    (no ring)
MPRegen 0.09/turn    (no ring)
                     (no ring)

%: no teleportation
@: beast-form
A: beast (slay +3), almost no armour, amphibious, 8 rings, camouflage 1,
gelatinous body 1, (nimble swimmer 1), tentacles
a: Begin Untransformation, Renounce Religion, Potion Petition, Call Merchant,
Bribe Branch


You were in the Dungeon.
You worshipped Gozag.
Gozag was noncommittal.
You were a hulking beast.
You visited 1 branch

Inventory:

Jewellery
 k - a +3 ring of dexterity (left tentacle)
 l - a +2 ring of protection (right tentacle)
Talismans
 b - a beast talisman (active)
Wands
 j - a wand of iceblast (10)
Scrolls
 h - a scroll of blinking
 i - 2 scrolls of amnesia
Potions
 a - a potion of invisibility
 c - 5 potions of curing
 d - 3 potions of heal wounds
 e - a potion of haste
 f - 4 potions of magic
 g - a potion of berserk rage


   Skills:
 + Level 4.5 Fighting
 + Level 4.9 Dodging
 * Level 7.1 Unarmed Combat
 + Level 4.8 Shapeshifting


You had 4 spell levels left.
You didn't know any spells.
Your spell library was empty.

Dungeon Overview and Level Annotations

Branches:
Dungeon (1/1)

Altars:
Cheibriados
Dithmenos
Elyvilon
Fedhas
Gozag
Hepliaklqana
Kikubaaqudgha
Makhleb
Nemelex Xobeh
Okawaru
Qazlal
Ru
Sif Muna
Trog
Uskayaw
Vehumet
Wu Jian
Xom
Yredelemnul
Zin
The Shining One
Jiyva
Lugonu


Innate Abilities, Weirdness & Mutations

You are a hulking beast.
Your limbs bulge with bestial killing power. (Slay +3)
You cannot wear most types of armour.
You are amphibious.
You can wear up to eight rings at the same time.
Your skin changes colour to match your surroundings (Stealth+).
Your rubbery body absorbs attacks. (AC +1, EV +1)
((You are camouflaged when in or above water. (Stealth+)))
You have tentacles for arms and can constrict up to eight enemies at once.


Message History

There is a shimmering altar of Xom here.
There is an ornate altar of the Wu Jian Council here.
There is a radiant altar of Vehumet here.
There is a hide-covered altar of Uskayaw here.
There is a bloodstained altar of Trog here.
There is a shimmering blue altar of Sif Muna here.
There is a sacrificial altar of Ru here.
There is a stormy altar of Qazlal here.
There is an iron altar of Okawaru here.
There is a sparkling altar of Nemelex Xobeh here.
There is a burning altar of Makhleb here.
There is a corrupted altar of Lugonu here.
There is an ancient bone altar of Kikubaaqudgha here.
There is a corrupted altar of Lugonu here.
There is a burning altar of Makhleb here.
There is a sparkling altar of Nemelex Xobeh here.
There is an iron altar of Okawaru here.
There is a stormy altar of Qazlal here.
There is a sacrificial altar of Ru here.
There is a shimmering blue altar of Sif Muna here.
There is a bloodstained altar of Trog here.
There is a hide-covered altar of Uskayaw here.
There is a radiant altar of Vehumet here.
There is an ornate altar of the Wu Jian Council here.
There is a shimmering altar of Xom here.
There is a basalt altar of Yredelemnul here.
There is a glowing silver altar of Zin here.
You tentacle-slap the two-headed ogre. You squeeze the two-headed ogre!
The two-headed ogre is moderately wounded.
The two-headed ogre hits you with a +0 giant club!!
Ouch! That really hurt!
The two-headed ogre barely misses you.
You bludgeon the two-headed ogre!
The two-headed ogre is heavily wounded.
You bludgeon the two-headed ogre! You squeeze the two-headed ogre!
The two-headed ogre is severely wounded.
The two-headed ogre hits you with a +0 giant club!!
Ouch! That really hurt!
You die...
Your body crumbles into a pile of gold. $$$ $ $ $ $$$$$ $$$$$$$$$$$$ $$$$ $ $ $ ▓▓▓▓▓▓▓▓▓▓▓▓▓▓▓▓▓▓▓▓▓▓▓▓▓▓▓▓▓▓▓▓▓ KY.O'§.[[[.)..'Oh________________ ▓▓▓▓▓▓▓▓▓▓▓▓▓▓▓▓▓▓▓▓▓▓▓▓▓▓▓▓▓▓▓▓▓

You could see a two-headed ogre.

Vanquished Creatures
  An ogre (D)
  A jelly (D)
  An iguana (D)
  An orc (D)
  A ball python (D)
  A goblin (D)
  A quokka (D)
  2 bats (D)
  A rat (D)
10 creatures vanquished.

Notes
Turn   | Place    | Note
-------+----------+-------------------------------------------
     0 | D        | rocky1 the Octopode Shapeshifter began the quest for the
                  | Orb.
     0 | D        | Reached XP level 1. HP: 13/13 MP: 1/1
    18 | D        | Noticed an iguana
    18 | D        | Noticed a jelly
    18 | D        | Noticed an ogre
    22 | D        | Reached XP level 2. HP: 19/19 MP: 2/2
    32 | D        | Killed an ogre
    33 | D        | Reached skill level 6 in Unarmed Combat
    33 | D        | Reached XP level 3. HP: 13/27 MP: 3/3
    33 | D        | Reached XP level 4. HP: 16/33 MP: 4/4
    36 | D        | Reached XP level 5. HP: 17/37 MP: 5/5
    41 | D        | Reached skill level 7 in Unarmed Combat
   443 | D        | Found a snail-covered altar of Cheibriados.
   443 | D        | Found a shadowy altar of Dithmenos.
   443 | D        | Found a white marble altar of Elyvilon.
   443 | D        | Found a blossoming altar of Fedhas.
   443 | D        | Found an opulent altar of Gozag.
   444 | D        | Found a hazy altar of Hepliaklqana.
   445 | D        | Found a viscous altar of Jiyva.
   446 | D        | Found an ancient bone altar of Kikubaaqudgha.
   447 | D        | Found a corrupted altar of Lugonu.
   448 | D        | Found a burning altar of Makhleb.
   449 | D        | Found a sparkling altar of Nemelex Xobeh.
   450 | D        | Found an iron altar of Okawaru.
   451 | D        | Became a worshipper of Gozag Ym Sagoz the Greedy
   452 | D        | Found a stormy altar of Qazlal.
   453 | D        | Found a sacrificial altar of Ru.
   454 | D        | Found a shimmering blue altar of Sif Muna.
   455 | D        | Found a bloodstained altar of Trog.
   456 | D        | Found a hide-covered altar of Uskayaw.
   457 | D        | Found a radiant altar of Vehumet.
   458 | D        | Found an ornate altar of the Wu Jian Council.
   459 | D        | Found a shimmering altar of Xom.
   460 | D        | Found a basalt altar of Yredelemnul.
   461 | D        | Found a glowing silver altar of Zin.
   462 | D        | Found a glowing golden altar of the Shining One.
   470 | D        | Found the +8 mithril axe "Arga" {speed, Will+}
   588 | D        | Noticed an acid dragon
   588 | D        | Noticed a yak
   588 | D        | Noticed a kobold demonologist
   588 | D        | Noticed a yak
   588 | D        | Noticed a two-headed ogre
   624 | D        | Mangled by a two-headed ogre

Illustrated notes

Levels and vault maps discovered:
D:        linesprint [early_d, line_temple, items_1, d_10, items_2, lair_1,
          lair_end, items_3, orc_1, orc_end, items_4, d_15, swamp_1, shoals_1,
          snake_1, spider_1, d_20, vaults_1, items_5, swamp_end, shoals_end,
          snake_end, spider_end, vaults_end, d_27, items_6, zot_1, zot_end,
          crypt_end, forest_end, elf_end, slime_end, tomb_end, abyss_end,
          pan_hell_end]

Skill      XL: |  1  2  3  4  5 |
---------------+----------------+-----
Fighting       | 3 4 |  4.5
Dodging        | 4 |  4.9
Unarmed Combat | 6 7 |  7.1
Shapeshifting  | 4 |  4.8

Action                     |  1- 3 |  4- 6 || total
---------------------------+-------+-------++-------
  Melee: Unarmed           |    20 |    11 ||    31
         Tentacles         |     2 |     2 ||     4
         Constrict         |     2 |       ||     2
         Punch             |     1 |       ||     1
    Use: Potion            |     1 |       ||     1
         Scroll            |       |     1 ||     1
   Stab: Sleeping          |     2 |       ||     2
 Armour: Skin              |     3 |     2 ||     5
  Dodge: Dodged            |     5 |     4 ||     9

Table legend: (Time is in decaauts)
 A = Elapsed time spent in this place.
 B = Non-inter-level travel time spent in this place.
 C = Inter-level travel time spent in this place.
 D = Time resting spent in this place.
 E = Time spent auto-exploring this place.
 F = Levels seen in this place.
 G = Mean time per level.
                   A        B        C        D        E       F      G
               +--------+--------+--------+--------+--------+-----+--------+
         Total |    620 |    620 |      0 |    497 |      0 |   1 |  620.0 |
       Dungeon |    620 |    620 |      0 |    497 |      0 |   1 |  620.0 |
               +--------+--------+--------+--------+--------+-----+--------+

Top non-repeatable levels by time:
       D: 620 daAuts
